 Dungeon Crawl Stone Soup version 0.31.0-2-g5a2aebc5c2 (webtiles) character file.

Game seed: 3290545606946234746

11445 Aviak the Frost Mage (level 11, -4/83 HPs)
             Began as a Gnoll Ice Elementalist on Jan 20, 2024.
             Was an Initiate of Gozag.
             Slain by a manticore (16 damage)
             ... on level 11 of the Dungeon.
             The game lasted 00:24:21 (12282 turns).

Aviak the Frost Mage (Gnoll Ice Elementalist)      Turns: 12282, Time: 00:24:22

Health: -4/83      AC: 18    Str:  7    XL:     11   Next: 77%
Magic:  21/23      EV: 16    Int: 28    God:    Gozag
Gold:   100        SH:  0    Dex: 16    Spells: 8/27 levels left

rFire   + . .        o - +9 falchion of the Freezing God {heavy, ^Fragile rElec Dex+3}
rCold   . . .        (no shield)
rNeg    + . .        K - +1 robe {rF+}
rPois   +            G - +0 helmet
rElec   +            (no cloak)
rCorr   .            s - +1 pair of gloves
SInv    .            a - +0 pair of boots
Will    .....        Q - amulet of the Air {Inacc Air Fly rElec RMsl}
Stlth   +++          P - ring "Olobbed" {*Slow rPois rN+ Int+9 Stlth-}
HPRegen 0.33/turn    S - ring of wizardry
MPRegen 0.18/turn

%: inaccuracy (-5), slow self (1%), repel missiles, wizardry (x1)
@: ice-armoured, flying
A: fangs 1, strong nose, distributed training
a: Renounce Religion, Potion Petition, Call Merchant, Bribe Branch


You were on level 11 of the Dungeon.
You worshipped Gozag.
Gozag was aware of your devotion.
You visited 2 branches of the dungeon, and saw 12 of its levels.

You collected 2051 gold pieces.
You spent 1549 gold pieces at shops.
You paid 402 gold pieces to Gozag.

Inventory:

Hand Weapons
 o - the +9 falchion of the Freezing God (weapon) {heavy, ^Fragile rElec Dex+3}
   (You found it on level 6 of the Dungeon)

   Dex+3:     It affects your dexterity (+3).
   rElec:     It insulates you from electricity.
   ^Fragile:  It will be destroyed if unequipped.
 y - a +3 dagger of draining
 J - a +1 war axe of flaming
Missiles
 q - 3 throwing nets {!f}
Armour
 a - a +0 pair of boots (worn)
 s - a +1 pair of gloves (worn)
 G - a +0 helmet (worn)
 K - a +1 robe of fire resistance (worn)
Magical Staves
 p - a staff of fire {rF+}
Jewellery
 H - a ring of willpower
 P - the ring "Olobbed" (left hand) {*Slow rPois rN+ Int+9 Stlth-}
   (You bought it in a shop on level 10 of the Dungeon)

   [ring of poison resistance]

   Int+9:     It affects your intelligence (+9).
   rPois:     It protects you from poison rN+: It protects you from negative
   energy.
   *Slow:     It may slow you when you take damage.
   Stlth-:    It makes you less stealthy.
 Q - the amulet of the Air (around neck) {Inacc Air Fly rElec RMsl}
   (You bought it in a shop on level 10 of the Dungeon)

   [amulet of nothing]

   Inacc:     It reduces the accuracy of your attacks and spells.
   Air:       It enhances your air magic.
   rElec:     It insulates you from electricity.
   Fly:       It grants you flight.
   RMsl:      It protects you from missiles.
 S - a ring of wizardry (right hand)
Wands
 n - a wand of flame (34)
 R - a wand of roots (2)
Scrolls
 d - 3 scrolls of fog {unknown}
 i - 3 scrolls of identify
 k - 2 scrolls of poison
 r - 2 scrolls of blinking {unknown}
 t - 3 scrolls of teleportation {unknown}
 u - a scroll of fear {unknown}
 v - a scroll of enchant armour {unknown}
 w - 3 scrolls of noise {unknown}
 B - a scroll of amnesia {unknown}
 C - a scroll of immolation {unknown}
 E - 2 scrolls of enchant weapon {unknown}
 I - a scroll of torment {unknown}
 L - a scroll of silence {unknown}
 M - a scroll of vulnerability {unknown}
Potions
 b - 3 potions of magic
 c - 5 potions of curing
 e - 2 potions of degeneration {!q!q}
 f - 5 potions of haste
 g - a potion of berserk rage {unknown}
 h - a potion of heal wounds
 j - 2 potions of resistance
 l - a potion of cancellation
 m - a potion of might
 x - 3 potions of brilliance {unknown}
 z - a potion of lignification {unknown}
 A - 2 potions of mutation {unknown}
 D - 3 potions of enlightenment {unknown}
 F - a potion of attraction {unknown}
 N - a potion of invisibility {unknown}
 O - a potion of ambrosia {unknown}


   Skills:
 + Level 6.8 Fighting
 + Level 6.8 Short Blades
 + Level 6.8 Long Blades
 + Level 6.8 Axes
 + Level 6.8 Maces & Flails
 + Level 6.8 Polearms
 + Level 6.8 Staves
 + Level 6.8 Ranged Weapons
 + Level 6.8 Throwing
 + Level 6.8 Armour
 + Level 8.3 Dodging
 + Level 8.1 Stealth
 + Level 6.8 Shields
 + Level 6.8 Unarmed Combat
 + Level 8.6 Spellcasting
 + Level 5.7 Conjurations
 + Level 5.7 Hexes
 + Level 5.7 Summonings
 + Level 5.7 Necromancy
 + Level 5.7 Translocations
 + Level 5.7 Fire Magic
 + Level 9.2 Ice Magic
 + Level 5.7 Air Magic
 + Level 5.7 Earth Magic
 + Level 5.7 Alchemy
 + Level 7.5 Invocations
 + Level 6.8 Evocations
 + Level 6.2 Shapeshifting


You had 8 spell levels left.
You knew the following spells:

 Your Spells              Type           Power      Damage    Failure   Level
a - Plasma Beam           Fire/Air       30%        2x1d43    26%         6
b - Summon Ice Beast      Ice/Summ       52%        N/A       1%          3
c - Frozen Ramparts       Ice            100%       1d16      1%          3
d - Freeze                Ice            100%       1d10      1%          1
f - Ozocubu's Armour      Ice            59%        N/A       1%          3
q - Stone Arrow           Conj/Erth      86%        3d12      1%          3

Your spell library contained the following spells:

 Spells                   Type           Power      Damage    Failure   Level
 Foxfire                  Conj/Fire      100%       2x1d9     1%          1
 Sandblast                Erth           86%        2d18      1%          1
 Passwall                 Erth           43%        N/A       1%          3
 Brom's Barrelling Bould  Conj/Erth      43%        2d6       1%          4
 Starburst                Conj/Fire      21%        6d7       26%         6
 Haunt                    Necr/Summ      21%        N/A       80%         7
 Infestation              Necr           21%        N/A       100%        8
 Animate Dead             Necr           Unusable   N/A       N/A         4

Dungeon Overview and Level Annotations

Branches:
Dungeon (11/15)            Temple (1/1) D:4            Lair (0/5) D:9
    Orc (0/2) D:10

Altars:
Ashenzari
Cheibriados
Dithmenos
Elyvilon
Fedhas
Gozag
Hepliaklqana
Kikubaaqudgha
Makhleb
Nemelex Xobeh
Okawaru
Qazlal
Ru
Sif Muna
Trog
Uskayaw
Vehumet
Wu Jian
Xom
Yredelemnul
Zin
The Shining One

Shops:
D:10 =


Innate Abilities, Weirdness & Mutations

You have very sharp teeth.
Your uncanny sense of smell can sniff out nearby items.
Your experience applies equally to all skills.


Message History

Unknown command.
Okay, then.
Okay, then.
You feel better.
The manticore flicks its tail.
The volley of spikes is repelled.
Casting: Frozen Ramparts (safe; 1% risk of failure)
Confirm with . or Enter, or press ? or * to list all spells.
Casting: Frozen Ramparts (safe; 1% risk of failure)
Press: ? - help, Dir - look around, f - activate
Okay, then.
Casting: Frozen Ramparts (safe; 1% risk of failure)
Confirm with . or Enter, or press ? or * to list all spells.
A film of ice covers your body!
You feel yourself speed up. The manticore misses you. The manticore claws you.
The manticore claws you but does no damage.
You slash the manticore!
The manticore is lightly wounded.
The manticore barely misses you. x2; The manticore closely misses you.
You slash the manticore!
The manticore is moderately wounded.
The manticore misses you. The manticore barely misses you.
The manticore claws you!
* * * LOW HITPOINT WARNING * * *
The manticore is distracted by your dazzling golden aura.
Unknown command.
You slash the manticore!
The manticore is no longer distracted by gold.
The manticore is severely wounded.
The manticore barely misses you. The manticore claws you!
* * * LOW HITPOINT WARNING * * *
The manticore claws you but does no damage.
You hit the manticore but do no damage.
You punch the manticore, but do no damage.
The manticore is severely wounded.
You carefully extract the barbed spikes from your body.
The manticore bites you!
You die...
Your body crumbles into a pile of gold.

#. #.######
#.#≈§§§##
#.§≈≈≈≈≈##
####≈≈≈><§§§##
...≈§≈H§..§§≈##
##§§≈.8@.8.§≈≈# ∆
#§≈8##''##8§≈#
#≈≈§##....##≈≈≈§
#≈≈##......##≈y.#
#≈ #..####..#§≈.#
#§§#.$#∆∆ ..#≈○.#
#§≈#..#∆∆ .#§§.#
#≈≈#..# .#≈≈.#
..≈≈##.. ≈§


You could see a manticore.

Vanquished Creatures
  3 two-headed ogres
  Amaemon (D:10)
  A manticore (D:10)
  A gargoyle (D:10)
  Jeremiah (D:7)
  3 komodo dragons
  Psyche (D:10)
  A troll (D:9)
  A shadow (D:11)
  Sigmund (D:3)
  A wyvern (D:10)
  8 yaks
  2 steam dragons
  Grum (D:9)
  2 vampire mosquitoes (D:10)
  2 ice beasts (D:5)
  An orc warrior (D:9)
  4 ogres
  6 centaurs
  6 wolves (D:9)
  6 bullfrogs
  3 gnoll sergeants
  2 scorpions
  3 wights (D:7)
  14 killer bees
  3 electric eels (D:9)
  5 hounds
  2 bombardier beetles
  2 gnoll boudas
  2 sleepcaps
  3 orc priests
  Jessica (D:2)
  Terence (D:2)
  Natasha (twice) (D:3)
  5 iguanas
  7 orc wizards
  Robin (D:2)
  9 adders
  25 gnolls
  A shadow imp (D:6)
  A white imp (D:6)
  4 ufetubi
  3 ribbon worms
  3 dart slugs
  36 orcs
  5 endoplasms
  4 giant cockroaches
  13 goblins
  7 hobgoblins
  4 quokkas
  12 ball pythons
  6 bats
  3 frilled lizards
  11 kobolds
  5 rats
261 creatures vanquished.

Vanquished Creatures (collateral kills)
  An orange demon (D:10)
1 creature vanquished.

Vanquished Creatures (others)
  An arcanist (D:9)
  An orc wizard (D:7)
  A gnoll (D:8)
  An orc (D:8)
4 creatures vanquished.

Grand Total: 266 creatures vanquished

Notes
Turn   | Place    | Note
-------+----------+-------------------------------------------
     0 | D:1      | Aviak the Gnoll Ice Elementalist began the quest for the
                  | Orb.
     0 | D:1      | Reached XP level 1. HP: 13/13 MP: 6/6
   675 | D:1      | Reached XP level 2. HP: 16/19 MP: 4/7
  1162 | D:2      | Noticed Terence
  1182 | D:1      | Reached skill level 5 in Spellcasting
  1182 | D:1      | Reached XP level 3. HP: 10/25 MP: 3/9
  1238 | D:1      | Learned a level 3 spell: Frozen Ramparts
  1242 | D:1      | Learned a level 3 spell: Ozocubu's Armour
  1250 | D:2      | Reached skill level 1 in Invocations
  1253 | D:2      | Killed Terence
  1254 | D:2      | Reached skill level 1 in Fighting
  1254 | D:2      | Reached skill level 1 in Short Blades
  1254 | D:2      | Reached skill level 1 in Long Blades
  1254 | D:2      | Reached skill level 1 in Axes
  1254 | D:2      | Reached skill level 1 in Maces & Flails
  1254 | D:2      | Reached skill level 1 in Polearms
  1254 | D:2      | Reached skill level 1 in Staves
  1254 | D:2      | Reached skill level 1 in Ranged Weapons
  1254 | D:2      | Reached skill level 1 in Throwing
  1254 | D:2      | Reached skill level 1 in Armour
  1254 | D:2      | Reached skill level 1 in Shields
  1254 | D:2      | Reached skill level 1 in Unarmed Combat
  1254 | D:2      | Reached skill level 1 in Evocations
  1254 | D:2      | Reached skill level 1 in Shapeshifting
  1254 | D:2      | Reached XP level 4. HP: 30/32 MP: 3/11
  1439 | D:2      | Reached skill level 1 in Conjurations
  1439 | D:2      | Reached skill level 1 in Hexes
  1439 | D:2      | Reached skill level 1 in Summonings
  1439 | D:2      | Reached skill level 1 in Necromancy
  1439 | D:2      | Reached skill level 1 in Translocations
  1439 | D:2      | Reached skill level 1 in Fire Magic
  1439 | D:2      | Reached skill level 1 in Air Magic
  1439 | D:2      | Reached skill level 1 in Earth Magic
  1439 | D:2      | Reached skill level 1 in Alchemy
  1447 | D:2      | Noticed Robin
  1458 | D:2      | Killed Robin
  1459 | D:2      | Reached XP level 5. HP: 32/37 MP: 4/12
  1749 | D:2      | Noticed Jessica
  1754 | D:2      | Killed Jessica
  2115 | D:2      | Reached XP level 6. HP: 44/44 MP: 11/13
  2579 | D:3      | Noticed Sigmund
  2589 | D:3      | Killed Sigmund
  2590 | D:3      | Reached skill level 5 in Dodging
  2965 | D:3      | Noticed Natasha
  2972 | D:3      | Killed Natasha
  3060 | D:3      | Reached XP level 7. HP: 50/51 MP: 10/15
  3341 | D:3      | Found a hide-covered altar of Uskayaw.
  3367 | D:3      | Found an iron altar of Okawaru.
  3491 | D:3      | Reached skill level 5 in Stealth
  3613 | D:3      | Noticed Natasha
  3621 | D:3      | Killed Natasha
  3928 | D:4      | Found a staircase to the Ecumenical Temple.
  3941 | Temple   | Entered the Ecumenical Temple
  3952 | Temple   | Became a worshipper of Gozag Ym Sagoz the Greedy
  4211 | D:4      | Found a hazy altar of Hepliaklqana.
  4513 | D:4      | Found a sacrificial altar of Ru.
  4513 | D:4      | Found a white marble altar of Elyvilon.
  4591 | D:4      | Found a glowing golden altar of the Shining One.
  4594 | D:4      | Found a shimmering blue altar of Sif Muna.
  4599 | D:4      | Reached XP level 8. HP: 58/58 MP: 16/16
  5141 | D:5      | Entered Level 5 of the Dungeon
  5245 | D:5      | Found a transporter.
  5642 | D:5      | Found a radiant altar of Vehumet.
  5867 | D:5      | Found a transporter.
  6445 | D:6      | Identified the +9 falchion of the Freezing God {heavy,
                  | ^Fragile rElec Dex+3}
  6477 | D:6      | Reached XP level 9. HP: 65/65 MP: 18/18
  6496 | D:6      | Found a glowing silver altar of Zin.
  6876 | D:6      | Reached skill level 8 in Ice Magic
  7253 | D:6      | Noticed a komodo dragon
  7263 | D:6      | Killed a komodo dragon
  7736 | D:8      | Reached skill level 5 in Invocations
  7929 | D:7      | Noticed Jeremiah
  8215 | D:7      | Killed Jeremiah
  8408 | D:7      | Reached skill level 5 in Fighting
  8408 | D:7      | Reached skill level 5 in Short Blades
  8408 | D:7      | Reached skill level 5 in Long Blades
  8408 | D:7      | Reached skill level 5 in Axes
  8408 | D:7      | Reached skill level 5 in Maces & Flails
  8408 | D:7      | Reached skill level 5 in Polearms
  8408 | D:7      | Reached skill level 5 in Staves
  8408 | D:7      | Reached skill level 5 in Ranged Weapons
  8408 | D:7      | Reached skill level 5 in Throwing
  8408 | D:7      | Reached skill level 5 in Armour
  8408 | D:7      | Reached skill level 5 in Shields
  8408 | D:7      | Reached skill level 5 in Unarmed Combat
  8408 | D:7      | Reached skill level 5 in Evocations
  8408 | D:7      | Reached XP level 10. HP: 68/74 MP: 16/20
  9014 | D:8      | Noticed a two-headed ogre
  9028 | D:8      | Killed a two-headed ogre
  9765 | D:9      | Reached skill level 5 in Shapeshifting
 10103 | D:9      | Noticed Grum
 10128 | D:9      | Killed Grum
 10129 | D:9      | Reached skill level 5 in Conjurations
 10129 | D:9      | Reached skill level 5 in Hexes
 10129 | D:9      | Reached skill level 5 in Summonings
 10129 | D:9      | Reached skill level 5 in Necromancy
 10129 | D:9      | Reached skill level 5 in Translocations
 10129 | D:9      | Reached skill level 5 in Fire Magic
 10129 | D:9      | Reached skill level 5 in Air Magic
 10129 | D:9      | Reached skill level 5 in Earth Magic
 10129 | D:9      | Reached skill level 5 in Alchemy
 10129 | D:9      | Reached XP level 11. HP: 41/81 MP: 11/22
 10260 | D:9      | Found a staircase to the Lair.
 10582 | D:9      | Noticed a two-headed ogre
 10587 | D:9      | Killed a two-headed ogre
 10863 | D:9      | Found a bloodstained altar of Trog.
 10867 | D:9      | Noticed a wizard
 10873 | D:9      | Killed a wizard
 11185 | D:10     | Entered Level 10 of the Dungeon
 11190 | D:10     | Learned a level 3 spell: Summon Ice Beast
 11194 | D:10     | Learned a level 3 spell: Stone Arrow
 11234 | D:10     | Reached skill level 9 in Ice Magic
 11404 | D:10     | Found a staircase to the Orcish Mines.
 11492 | D:10     | Found Ykiclyur's Jewellery Shop.
 11495 | D:10     | Bought the ring "Olobbed" {*Slow rPois rN+ Int+9 Stlth-}
                  | for 603 gold pieces
 11495 | D:10     | Bought the amulet of the Air {Inacc Air Fly rElec RMsl} for
                  | 526 gold pieces
 11495 | D:10     | Found the amulet of the Air {Inacc Air Fly rElec RMsl}
 11544 | D:10     | Noticed Psyche
 11553 | D:10     | Killed Psyche
 11644 | D:10     | Found a shadowy altar of Dithmenos.
 11672 | D:10     | Noticed a manticore
 11672 | D:10     | Noticed a two-headed ogre
 11684 | D:10     | Killed a two-headed ogre
 11685 | D:10     | Killed a manticore
 11934 | D:10     | Noticed Amaemon
 11991 | D:10     | Killed Amaemon
 12228 | D:10     | Bought a ring of wizardry for 420 gold pieces
 12236 | D:10     | Learned a level 6 spell: Plasma Beam
 12267 | D:11     | Noticed a manticore
 12282 | D:11     | Slain by a manticore

Illustrated notes

Levels and vault maps discovered:
D:1:      nicolae_arrival_somewhat_less_tricky_arrival, layout_basic
D:2:      minmay_alternating_diamond, layout_basic, uniq_robin, uniq_terence,
          uniq_jessica
D:3:      layout_basic, kennysheep_okawaru_gauntlet, nicolae_uskayaw_suspiria,
          dk_noncrumbling_2, minmay_fractal_squares_diagonal_5, uniq_natasha,
          uniq_sigmund
D:4:      layout_layer_cave, mainiacjoe_overflow_cross_hatched,
          gammafunk_temple_overflow_statue, nicolae_overflow_squiral,
          minmay_temple_entry_glassed_door
D:5:      gammafunk_cloud_chamber, layout_loops_cross,
          mainiacjoe_overflow_paths, guppyfry_early_orc_mine
D:6:      layout_loops_corners, mainiacjoe_overflow_concentric_impassable,
          minmay_misc_feat_columns
D:7:      nicolae_whirlpool, layout_rooms, dreamdust_wishing_well, uniq_jeremiah
D:8:      layout_basic, serial_library_regret_index_multi
D:9:      layout_loops_corners, trog_wizard, erik_lair_island, uniq_grum
D:10:     layout_gridville, nicolae_dithmenos_through_a_glass_darkly,
          orc_0_dummy, serial_shops, kennysheep_mini, kennysheep_generic_room_7,
          uniq_amaemon, uniq_psyche
D:11:     layout_small_grid, kennysheep_island_fort, uniq_nergalle
Temple:   chequers_temple_sunken

Skill      XL: |  1  2  3  4  5  6  7  8  9 10 11 |
---------------+----------------------------------+-----
Spellcasting   | 5 6 7 8 |  8.6
Invocations    | 1 2 3 4 5 6 7 |  7.5
Fighting       | 1 2 3 5 6 |  6.8
Short Blades   | 1 2 3 5 6 |  6.8
Long Blades    | 1 2 3 5 6 |  6.8
Axes           | 1 2 3 5 6 |  6.8
Maces & Flails | 1 2 3 5 6 |  6.8
Polearms       | 1 2 3 5 6 |  6.8
Staves         | 1 2 3 5 6 |  6.8
Ranged Weapons | 1 2 3 5 6 |  6.8
Throwing       | 1 2 3 5 6 |  6.8
Armour         | 1 2 3 5 6 |  6.8
Shields        | 1 2 3 5 6 |  6.8
Unarmed Combat | 1 2 3 5 6 |  6.8
Evocations     | 1 2 3 5 6 |  6.8
Shapeshifting  | 1 2 3 4 5 6 |  6.2
Conjurations   | 1 2 3 4 5 |  5.7
Hexes          | 1 2 3 4 5 |  5.7
Summonings     | 1 2 3 4 5 |  5.7
Necromancy     | 1 2 3 4 5 |  5.7
Translocations | 1 2 3 4 5 |  5.7
Fire Magic     | 1 2 3 4 5 |  5.7
Air Magic      | 1 2 3 4 5 |  5.7
Earth Magic    | 1 2 3 4 5 |  5.7
Alchemy        | 1 2 3 4 5 |  5.7
Dodging        | 5 6 7 8 |  8.3
Stealth        | 5 6 7 8 |  8.1
Ice Magic      | 8 9 |  9.2

Action                     |  1- 3 |  4- 6 |  7- 9 | 10-12 || total
---------------------------+-------+-------+-------+-------++-------
  Melee: Staff             |    11 |    20 |       |       ||    31
         Unarmed           |     3 |       |       |       ||     3
         Bite              |     1 |     3 |    29 |    15 ||    48
         Punch             |     1 |       |     4 |     7 ||    12
         Rapier            |       |     2 |     4 |       ||     6
         Dagger            |       |       |   127 |       ||   127
         Falchion          |       |       |    76 |   139 ||   215
   Cast: Freeze            |    22 |    50 |    17 |       ||    89
         Frozen Ramparts   |     1 |     9 |    23 |    18 ||    51
         Ozocubu's Armour  |       |     3 |     8 |    12 ||    23
         Summon Ice Beast  |       |       |       |     4 ||     4
         Stone Arrow       |       |       |       |     4 ||     4
 Invoke: Potion Petition   |       |       |     1 |       ||     1
  Evoke: Wand              |       |       |     3 |     4 ||     7
    Use: Scroll            |       |       |     6 |       ||     6
         Potion            |       |       |     1 |     2 ||     3
   Stab: Sleeping          |       |     1 |    15 |     4 ||    20
         Distracted        |       |       |     3 |     2 ||     5
         Invisible         |       |       |     1 |       ||     1
 Armour: Robe              |    16 |    47 |   162 |   146 ||   371
  Dodge: Dodged            |    24 |    46 |   235 |   192 ||   497
         Repelled          |       |       |       |     3 ||     3
